 Dungeon Crawl Stone Soup version 0.31.0-10-gcf4a605ca0 (webtiles) character file.

Game seed: 1657304972141346600

117889 Sivitri the Ninja (level 16, -4/122 HPs)
             Began as a Vampire Enchanter on Jan 25, 2024.
             Was the Champion of Dithmenos.
             Slain by a naga
             ... wielding a +0 halberd
              (18 damage)
             ... on level 2 of the Snake Pit.
             The game lasted 00:57:37 (24334 turns).

Sivitri the Ninja (Vampire Enchanter)              Turns: 24334, Time: 00:57:38

Health: -4/122     AC: 21    Str:  7    XL:     16   Next: 24%
Magic:  25/25      EV: 13    Int: 17    God:    Dithmenos [******]
Gold:   614        SH:  5    Dex: 25    Spells: 22/27 levels left

rFire   . . .        N - +2 quick blade (spect)
rCold   . . .        U - +0 buckler {AC+3}
rNeg    . . .        Q - +8 scale mail of Contumacious Miracles {Dex+2}
rPois   +            d - +0 mask of the Dragon {Will+ Slay+3 SInv}
rElec   .            T - +2 cloak
rCorr   .            K - +0 pair of gloves
SInv    +            (no boots)
Will    ++...        I - amulet of magic regeneration Stlth *******+++
                     P - ring of poison resistance
HPRegen 0.60/turn    Z - ring of wizardry
MPRegen 0.59/turn

%: wizardry (x1)
@: healing quickly, slowed, wreathed by umbra, studying 2 skills, very slow
A: alive, fangs 3, see invisible, vampiric 2
a: Exsanguinate, Renounce Religion, Shadow Step, Shadow Form


You were on level 2 of the Snake Pit.
You worshipped Dithmenos.
Dithmenos was exalted by your worship.
You visited 6 branches of the dungeon, and saw 26 of its levels.
You visited 1 bazaar.

You collected 2367 gold pieces.
You spent 1753 gold pieces at shops.


Innate Abilities, Weirdness & Mutations

Your natural rate of healing is accelerated.
You have razor-sharp teeth.
You have supernaturally acute eyesight. (SInv)
You are afflicted with vampirism and can become a bat while bloodless.


   Skills:
 - Level 10.0 Fighting
 - Level 10.0 Short Blades
 - Level 15.0 Dodging
 O Level 27 Stealth
 - Level 6.0 Spellcasting
 - Level 10.0 Hexes
 + Level 10.6 Shapeshifting


You had 22 spell levels left.
You knew the following spells:

 Your Spells              Type           Power      Damage    Failure   Level
c - Confusing Touch       Hex            39%        N/A       6%          3
e - Ensorcelled Hibernat  Hex/Ice        44%        N/A       22%         2

Your spell library contained the following spells:

 Spells                   Type           Power      Damage    Failure   Level
 Slow                     Hex            100%       N/A       1%          1
 Sigil of Binding         Hex            39%        N/A       6%          3
 Tukima's Dance           Hex            39%        N/A       6%          3
 Dazzling Flash           Conj/Hex       44%        N/A       38%         3
 Inner Flame              Hex/Fire       22%        N/A       38%         3
 Apportation              Tloc           10%        N/A       71%         1
 Foxfire                  Conj/Fire      20%        2x1d5     71%         1
 Necrotise                Necr           20%        1d5       71%         1
 Sting                    Conj/Alch      20%        1d4       71%         1
 Summon Small Mammal      Summ           20%        N/A       71%         1
 Mercury Vapours          Alch/Air       10%        N/A       83%         2
 Sublimation of Blood     Necr           5%         N/A       83%         2
 Frozen Ramparts          Ice            10%        1d2       96%         3
 Mephitic Cloud           Conj/Alch/Air  5%         N/A       96%         3
 Vampiric Draining        Necr           5%         2d6       96%         3
 Metabolic Englaciation   Hex/Ice        11%        N/A       98%         5
 Animate Dead             Necr           5%         N/A       100%        4
 Flame Wave               Conj/Fire      5%         2d5       100%        4
 Leda's Liquefaction      Alch/Erth      2%         N/A       100%        4
 Petrify                  Alch/Erth      5%         N/A       100%        4
 Sticky Flame             Fire/Alch      5%         2d4       100%        4
 Borgnjor's Vile Clutch   Necr/Erth      2%         N/A       100%        5
 Freezing Cloud           Conj/Ice/Air   2%         6-21      100%        5
 Irradiate                Conj/Alch      2%         3d12      100%        5
 Death Channel            Necr           2%         N/A       100%        6
 Plasma Beam              Fire/Air       2%         2x1d12    100%        6
 Starburst                Conj/Fire      2%         6d3       100%        6

Inventory:

Hand Weapons
 r - a +2 dagger of distortion
 G - a +1 rapier
 N - a +2 spectral quick blade (weapon)
Armour
 d - the +0 mask of the Dragon (worn) {Will+ Slay+3 SInv}
   (You bought it in a shop on level 7 of the Dungeon)

   Slay+3:    It affects your accuracy & damage with ranged weapons and melee
   (+3).
   Will+:     It increases your willpower.
   SInv:      It lets you see invisible.
 D - +3 steam dragon scales
 J - a scarf of resistance
 K - a +0 pair of gloves (worn)
 M - a +2 troll leather armour {Snorg}
 Q - the +8 scale mail of Contumacious Miracles (worn) {Dex+2}
   (You found it on level 2 of the Snake Pit)

   Dex+2:     It affects your dexterity (+2).
 T - a +2 cloak (worn)
 U - a +0 buckler of protection (worn)
Jewellery
 C - a ring of protection from cold
 I - an amulet of magic regeneration (around neck)
 L - a ring of flight
 P - a ring of poison resistance (left hand)
 R - a ring of resist corrosion
 Z - a ring of wizardry (right hand)
Talismans
 V - a storm talisman
Wands
 a - a wand of quicksilver (20)
 f - a wand of digging (8)
 h - a wand of mindburst (7)
 q - a wand of iceblast (20)
 x - a wand of paralysis (16)
 E - a wand of flame (54)
 W - a wand of polymorph (5)
Scrolls
 g - 2 scrolls of silence {!r}
 n - a scroll of poison
 s - 4 scrolls of revelation
 t - 3 scrolls of identify {@r1}
 u - 6 scrolls of enchant armour
 v - 6 scrolls of noise
 y - a scroll of teleportation {@r2}
 A - 2 scrolls of immolation
 F - 2 scrolls of amnesia
Potions
 b - 3 potions of attraction
 c - 3 potions of degeneration
 e - 5 potions of enlightenment
 i - 2 potions of might
 j - 4 potions of mutation
 k - 2 potions of ambrosia
 m - 9 potions of curing {@q1}
 o - 5 potions of haste {@q3}
 p - 2 potions of resistance
 z - a potion of cancellation
 B - 8 potions of brilliance
 H - 4 potions of lignification
Miscellaneous
 l - a lightning rod (4/4)
 O - a phantom mirror

Dungeon Overview and Level Annotations

Branches:
Dungeon (15/15)            Temple (1/1) D:5            Lair (5/5) D:9
 Shoals (1/4) Lair:2        Snake (2/4) Lair:3        Slime (0/5) Lair:4
    Orc (2/2) D:10            Elf (0/3) Orc:2        Vaults (0/5) D:14
 Depths (0/4) D:15

Altars:
Ashenzari
Cheibriados
Dithmenos
Fedhas
Gozag
Hepliaklqana
Kikubaaqudgha
Makhleb
Nemelex Xobeh
Okawaru
Qazlal
Ru
Sif Muna
Trog
Uskayaw
Vehumet
Wu Jian
Xom
Yredelemnul
Jiyva

Shops:
D:7 *   D:13 :   D:14 *   D:15 (   Orc:2 [=*(

Annotations:
D:10 2 transporters, Domino's ghost, novice MiFi
Lair:4 1 runed translucent door, Lutiheq's ghost, journeyman DrSh

#.## ~~~ ##..## ~~P
....$## ... .8... ...
.... ## ... #.. #.# ...
# #N##.. ## #. ###§#.# #
#.?##§§@§# .. #...§§.§#
## ..#######
####§^§#####.. ........
#...#...#...###.....
#$##....#...#..^....
#####.##................
#...#...............).##
#.......#########.....##
#...#..###########...##


You could see a naga (curare).


Message History

The naga hits you from afar with a +0 halberd!
* * * LOW HITPOINT WARNING * * *
The naga spits poison at you. You block the splash of poison.
The naga closely misses you.
Unknown command.
You enter a dispersal trap!
The naga blinks!
You blink.
The naga attacks as it pursues you!
The naga hits you from afar with a +0 halberd.
* * * LOW HITPOINT WARNING * * *
You block the naga's attack.
Things that are here:
a +2 halberd of venom; a +0 robe Unknown command.
Unknown command.
Unknown command.
Unknown command.
You feel much better.
The naga hits you from afar with a +0 halberd!!
* * * LOW HITPOINT WARNING * * *
You emit a cloud of dark smoke.
Aiming: Paralyse
Press: ? - help, Q - select action, (/) - cycle Shift-Dir - straight line, f - naga
Aim: a naga, wielding a +0 halberd (black smoke, concentrated venom, umbra, chance to affect: 31%)
The naga easily resists.
The naga hits you but does no damage.
The naga hits you from afar with a +0 halberd!
* * * LOW HITPOINT WARNING * * *
You feel better.
The naga hits you from afar with a +0 halberd!!
You die...

Skill      XL: |  1  2  3  4  5  6  7  8  9 10 11 12 13 14 15 16 |
---------------+-------------------------------------------------+-----
Stealth        | 5 6 7 8 12 15 19 24 27 | 27.0
Short Blades   | 2 3 5 8 9 10 | 10.0
Hexes          | 6 8 9 10 | 10.0
Spellcasting   | 3 4 6 |  6.0
Fighting       | 1 3 6 9 10 | 10.0
Dodging        | 3 8 11 15 | 15.0
Shapeshifting  | 8 10 | 10.6

Action                     |  1- 3 |  4- 6 |  7- 9 | 10-12 | 13-15 | 16-18 || total
---------------------------+-------+-------+-------+-------+-------+-------++-------
  Melee: Dagger            |    84 |   154 |   250 |   203 |       |       ||   691
         Bite              |    11 |    10 |    33 |    26 |   248 |    42 ||   370
         Punch             |     1 |       |     4 |     1 |    11 |       ||    17
         Quick blade       |       |       |       |    75 |  1334 |   191 ||  1600
   Cast: Ensorcelled Hiber |     2 |    39 |    77 |   165 |   303 |     9 ||   595
         Confusing Touch   |       |     1 |    11 |    12 |    32 |     1 ||    57
  Evoke: Wand              |       |     3 |     5 |     2 |     5 |     9 ||    24
    Use: Potion            |       |     2 |       |       |     6 |     7 ||    15
         Scroll            |       |       |     8 |    10 |    22 |     1 ||    41
   Stab: Sleeping          |     5 |    42 |    66 |   114 |   215 |     9 ||   451
         Distracted        |     1 |       |     2 |     2 |    17 |     6 ||    28
         Invisible         |       |     6 |     1 |       |       |       ||     7
         Confused          |       |     2 |     8 |     9 |    36 |     1 ||    56
         Paralysed         |       |       |     1 |       |       |       ||     1
 Armour: Robe              |    38 |    56 |    58 |       |       |       ||   152
         Steam dragon scal |       |       |    61 |    75 |       |       ||   136
         Troll leather arm |       |       |       |    95 |   458 |    25 ||   578
         Scale mail        |       |       |       |       |       |    64 ||    64
  Dodge: Dodged            |    64 |    76 |   254 |   348 |   977 |   125 ||  1844
  Block: Buckler           |       |       |       |       |   155 |    29 ||   184

Levels and vault maps discovered:
D:1:      sevenhm_arrival_forest_fort_large_1, layout_basic,
          chequers_ecumenical_altar_simple_redux, lemuel_flame_loot_1
D:2:      layout_basic, uniq_terence
D:3:      layout_loops_corners, nicolae_goblin_pals
D:4:      layout_gridville, minmay_goblin_outpost
D:5:      layout_gridville, grunt_temple_overflow_growth_and_decay,
          minmay_temple_entry_nine_rooms, hangedman_abyss_or_decor_stabs
D:6:      layout_rooms, nicolae_ru_great_annihilating_truth,
          serial_library_hellmonk_double_dead_end, grunt_ministairs_1,
          uniq_menkaure, uniq_maggie
D:7:      layout_basic, cheibriados_altar_1, mainiacjoe_overflow_brackets,
          st_stairs_11, nicolae_shop_clearance
D:8:      layout_cave_pools, kennysheep_flooded_box, due_unseen_surprise,
          uniq_erica, uniq_pikel, uniq_psyche
D:9:      layout_irregular_city, lair_entry_dummy
D:10:     layout_rooms, orc_0_dummy, gammafunk_ghost_berserking_beasts,
          uniq_snorg
D:11:     layout_irregular_city, minmay_lizard_king, uniq_sonja
D:12:     layout_roguey, serial_co_window_serial, co_window_of_opportunity_a,
          co_window_paths_a, co_window_corner_a, co_window_paths_b,
          co_window_corner_a, co_window_paths_a, co_window_paths_a,
          co_window_of_opportunity_a, co_window_paths_b, co_window_cross_4,
          co_window_unsneaky_path_b, co_window_broadway_c, co_window_sun
D:13:     layout_basic, serial_shops, shop, kennysheep_generic_room_3
D:14:     nzn_winding_woodlands_medium [nzn_winding_woodlands_5x5_closed_star,
          nzn_winding_woodlands_5x15_default,
          nzn_winding_woodlands_5x5_open_star, nzn_winding_woodlands_hourglass,
          nzn_winding_woodlands_center_triple_pond,
          nzn_winding_woodlands_5x5_cross, nzn_winding_woodlands_5x5_perimeter,
          nzn_winding_woodlands_5x15_pockets, nzn_winding_woodlands_5x5_three],
          layout_irregular_city, david_vaults_1, dk_noncrumbling_2,
          serial_shops, shop, minmay_microvault
D:15:     hangedman_depths_entry_civil_slaughter, layout_loops_cross,
          serial_shops, nicolae_shop_tiny_real_fake_doors, fedhas_altar_3,
          uniq_kirke
Temple:   minmay_crystal_spiral_temple
Lair:1:   layout_misc_corridors, minmay_hedge_maze, uniq_grum, uniq_joseph
Lair:2:   layout_roguey, minmay_shoals_entry_hut, beast_lair_carwin_3,
          grunt_megastairs_2, uniq_prince_ribbit2, uniq_amaemon
Lair:3:   cheibrodos_magma_flow, layout_chaotic_city,
          nicolae_snake_entry_squirm, serial_bayou_crossing, lemuel_fruit_tree
Lair:4:   layout_cave_pods, nicolae_slime_entry_slimehenge, ebering_ghost_xom
Lair:5:   minmay_lair_end_enchanted_forest, layout_cave_shapes, uniq_rupert
Shoals:1: cheibrodos_shoals_roost, layout_shoals,
          nicolae_shoals_spring_well_temple
Snake:1:  layout_rooms
Snake:2:  nicolae_snake_shooting_gallery, layout_misc_corridors,
          grunt_ministairs_15, serial_bayou_shore_a
Orc:1:    layout_caves, uniq_erolcha
Orc:2:    hellmonk_orc_salted, layout_caves, serial_shops, bzr_firewalk,
          nicolae_orc_quarried_blocks

Notes
Turn   | Place    | Note
-------+----------+-------------------------------------------
     0 | D:1      | Sivitri the Vampire Enchanter began the quest for the Orb.
     0 | D:1      | Reached XP level 1. HP: 13/13 MP: 3/3
   257 | D:1      | Found a faded altar of an unknown god.
   308 | D:1      | Reached XP level 2. HP: 12/19 MP: 5/5
   311 | D:1      | Reached skill level 5 in Stealth
   359 | D:1      | Reached skill level 2 in Short Blades
   973 | D:1      | Gained mutation: You are afflicted with vampirism and can
                  | become a bat while bloodless. [Vampire growth]
   973 | D:1      | Reached XP level 3. HP: 9/24 MP: 6/6
   976 | D:1      | Learned a level 2 spell: Ensorcelled Hibernation
  1133 | D:2      | Noticed Terence
  1138 | D:2      | Killed Terence
  1139 | D:2      | Reached skill level 3 in Short Blades
  1139 | D:2      | Reached skill level 6 in Stealth
  1218 | D:2      | Reached XP level 4. HP: 23/30 MP: 2/7
  1676 | D:2      | Identified the +6 sling "Ogreslayer" {heavy, Fly rF+++
                  | Str-2}
  1799 | D:2      | Learned a level 3 spell: Confusing Touch
  2020 | D:3      | Reached skill level 7 in Stealth
  2020 | D:3      | Reached XP level 5. HP: 11/35 MP: 0/8
  2217 | D:3      | Reached skill level 4 in Short Blades
  2420 | D:3      | Noticed Ijyb
  2420 | D:3      | Noticed Robin
  2441 | D:3      | Killed Ijyb
  2458 | D:3      | Killed Robin
  3150 | D:4      | Noticed a sky beast
  3174 | D:4      | Killed a sky beast
  3175 | D:4      | Reached skill level 5 in Short Blades
  3175 | D:4      | Reached skill level 8 in Stealth
  3175 | D:4      | Reached XP level 6. HP: 26/41 MP: 2/9
  3370 | D:4      | Reached skill level 5 in Hexes
  3852 | D:4      | Reached skill level 3 in Spellcasting
  4033 | D:4      | Reached skill level 6 in Hexes
  4033 | D:4      | Reached XP level 7. HP: 46/46 MP: 6/11
  4271 | D:5      | Entered Level 5 of the Dungeon
  4475 | D:5      | Found an ancient bone altar of Kikubaaqudgha.
  4478 | D:5      | Found a blossoming altar of Fedhas.
  4720 | D:5      | Reached skill level 4 in Spellcasting
  4720 | D:5      | Reached skill level 7 in Hexes
  4760 | D:5      | Reached skill level 8 in Hexes
  4823 | D:5      | Reached skill level 1 in Fighting
  4874 | D:5      | Reached skill level 3 in Dodging
  4899 | D:5      | Reached XP level 8. HP: 44/55 MP: 9/14
  4903 | D:5      | Reached skill level 2 in Fighting
  5097 | D:5      | Found a staircase to the Ecumenical Temple.
  5183 | D:5      | Reached skill level 4 in Dodging
  5384 | Temple   | Entered the Ecumenical Temple
  5465 | Temple   | Became a worshipper of Dithmenos the Shadowed
  5634 | D:6      | Reached skill level 3 in Fighting
  5648 | D:6      | Reached skill level 5 in Dodging
  5695 | D:6      | Reached skill level 6 in Dodging
  5802 | D:6      | Noticed a kobold demonologist
  5808 | D:6      | Reached skill level 7 in Dodging
  5926 | D:5      | Noticed a sun demon
  5927 | D:5      | Killed a kobold demonologist
  5928 | D:5      | Reached skill level 8 in Dodging
  5928 | D:5      | Reached XP level 9. HP: 54/63 MP: 9/15
  6194 | D:6      | Found a sacrificial altar of Ru.
  6230 | D:6      | Identified the +4 robe "Etseraijig" {Will+ Str+3 Int+3
                  | Stlth-}
  6297 | D:6      | Reached skill level 9 in Stealth
  6386 | D:6      | Noticed Maggie
  6416 | D:6      | Killed Maggie
  6416 | D:6      | Reached * piety under Dithmenos
  6417 | D:6      | Reached skill level 6 in Short Blades
  6526 | D:6      | Reached skill level 10 in Stealth
  6592 | D:6      | Noticed Menkaure
  6597 | D:6      | Killed Menkaure
  6738 | D:7      | Found a snail-covered altar of Cheibriados.
  6786 | D:7      | Reached skill level 7 in Short Blades
  6852 | D:7      | Reached skill level 11 in Stealth
  7151 | D:7      | Found Oplaifytimp's CLEARANCE SALE!.
  7163 | D:7      | Bought the +0 mask of the Dragon {Will+ Slay+3 SInv} for
                  | 133 gold pieces
  7163 | D:7      | Found the +0 mask of the Dragon {Will+ Slay+3 SInv}
  7227 | D:7      | Reached skill level 8 in Short Blades
  7433 | D:7      | Reached skill level 12 in Stealth
  7463 | D:7      | Found a shimmering blue altar of Sif Muna.
  7660 | D:8      | Reached ** piety under Dithmenos
  7770 | D:8      | Noticed Psyche
  7775 | D:8      | Killed Psyche
  7776 | D:8      | Reached XP level 10. HP: 70/70 MP: 16/16
  7864 | D:8      | Noticed Erica
  7886 | D:8      | Killed Erica
  7887 | D:8      | Reached skill level 4 in Fighting
  7887 | D:8      | Reached skill level 5 in Spellcasting
  7945 | D:8      | Noticed Pikel
  8010 | D:8      | Killed Pikel
  8235 | D:8      | Reached skill level 5 in Fighting
  8358 | D:9      | Reached skill level 6 in Spellcasting
  8528 | D:9      | Noticed a two-headed ogre
  8539 | D:9      | Killed a two-headed ogre
  8540 | D:9      | Reached skill level 6 in Fighting
  8738 | D:9      | Identified a scarf of resistance
  8752 | D:9      | Found a staircase to the Lair.
  8856 | D:9      | Reached skill level 9 in Hexes
  9140 | D:9      | Identified 2 potions of resistance
  9254 | D:10     | Entered Level 10 of the Dungeon
  9308 | D:10     | Noticed Snorg
  9315 | D:10     | Noticed a tengu warrior
  9318 | D:10     | Killed Snorg
  9319 | D:10     | Reached skill level 9 in Short Blades
  9325 | D:9      | Reached XP level 11. HP: 47/81 MP: 17/20
  9395 | D:10     | Killed a tengu warrior
  9396 | D:10     | Reached skill level 10 in Hexes
  9502 | D:10     | Found a staircase to the Orcish Mines.
  9550 | D:10     | Reached skill level 10 in Short Blades
  9741 | D:10     | Found a transporter.
  9743 | D:10     | Noticed Domino's ghost (novice MiFi)
  9856 | D:10     | Found a transporter.
 10015 | D:11     | Reached *** piety under Dithmenos
 10046 | D:11     | Noticed Sonja
 10052 | D:11     | Killed Sonja
 10053 | D:11     | Reached skill level 13 in Stealth
 10075 | D:11     | Noticed a boulder beetle
 10079 | D:11     | Killed a boulder beetle
 10080 | D:11     | Reached skill level 9 in Dodging
 10128 | D:11     | Reached skill level 14 in Stealth
 10226 | D:11     | Noticed a two-headed ogre
 10231 | D:11     | Reached skill level 10 in Dodging
 10234 | D:11     | Killed a two-headed ogre
 10420 | D:11     | Reached skill level 15 in Stealth
 11245 | D:12     | Reached skill level 11 in Dodging
 11245 | D:12     | Reached XP level 12. HP: 88/88 MP: 21/21
 11758 | D:12     | Reached skill level 12 in Dodging
 11784 | D:13     | Noticed a four-headed hydra
 11789 | D:13     | Killed a four-headed hydra
 11916 | Lair:1   | Entered Level 1 of the Lair of Beasts
 11968 | Lair:1   | Noticed Joseph
 11987 | Lair:1   | Killed Joseph
 12017 | Lair:1   | Reached **** piety under Dithmenos
 12018 | Lair:1   | Reached skill level 13 in Dodging
 12182 | Lair:1   | Identified the +6 mace of Courage {elec, rF+ Dex+2 Stlth-}
 12305 | Lair:1   | Reached skill level 14 in Dodging
 12379 | Lair:1   | Noticed Grum
 12385 | Lair:1   | Killed Grum
 12527 | Lair:1   | Identified a scroll of acquirement
 12527 | Lair:1   | Acquired a +0 quick blade of venom
 12590 | Lair:2   | Noticed Prince Ribbit
 12594 | Lair:2   | Killed Prince Ribbit
 12641 | Lair:2   | Found a staircase to the Shoals.
 12673 | Lair:2   | Reached skill level 15 in Dodging
 12719 | Lair:2   | You fall into a shaft and drop 1 floor!
 12719 | Lair:3   | Found a staircase to the Snake Pit.
 12795 | Lair:3   | Reached XP level 13. HP: 82/95 MP: 22/22
 13015 | Lair:2   | Reached skill level 7 in Fighting
 13015 | Lair:2   | Reached skill level 16 in Stealth
 13438 | Lair:2   | Reached ***** piety under Dithmenos
 13543 | Lair:2   | Noticed Amaemon
 13697 | Lair:2   | Killed Amaemon
 14089 | Lair:3   | Reached skill level 17 in Stealth
 14136 | Lair:3   | Reached skill level 8 in Fighting
 14929 | Lair:4   | Found a viscous altar of Jiyva.
 14930 | Lair:4   | Found a staircase to the Slime Pits.
 15001 | Lair:4   | Identified the +4 hand axe "Lorem Ipsum" {freeze, +Blink
                  | rC++ rN+ Will-}
 15031 | Lair:4   | Reached skill level 18 in Stealth
 15054 | Lair:4   | Reached skill level 9 in Fighting
 15292 | Lair:4   | Found a runed translucent door.
 15292 | Lair:4   | Found a shimmering altar of Xom.
 15292 | Lair:4   | Identified the +8 scimitar "Imeagep" {chaos, *Corrode
                  | Int+5}
 15292 | Lair:4   | Noticed Lutiheq's ghost (journeyman DrSh)
 15751 | Lair:5   | Entered Level 5 of the Lair of Beasts
 15845 | Lair:5   | Noticed Rupert
 16046 | Lair:5   | Reached skill level 19 in Stealth
 16092 | Lair:5   | Killed Rupert
 16115 | Lair:5   | Reached XP level 14. HP: 109/109 MP: 19/23
 16162 | Lair:5   | Reached skill level 10 in Fighting
 16178 | Lair:5   | HP: 10/110 [spriggan rider/+0 spear (15)]
 16184 | Lair:5   | HP: 10/110 [spriggan rider/+0 spear (21)]
 16376 | Lair:5   | Identified the +0 ring mail "Raomnal" {rN+ Str-2 Dex+7}
 16409 | Lair:5   | Reached skill level 20 in Stealth
 16705 | Lair:5   | Identified the +7 war axe of Ru's Vengeance {pain, rN+}
 16848 | Lair:5   | Reached skill level 21 in Stealth
 17447 | Orc:1    | Entered Level 1 of the Orcish Mines
 17515 | Orc:1    | Reached ****** piety under Dithmenos
 17825 | Orc:2    | Entered Level 2 of the Orcish Mines
 17826 | Orc:2    | Found a staircase to the Elven Halls.
 17841 | Orc:1    | Noticed Erolcha
 17845 | Orc:2    | Killed Erolcha
 17852 | Orc:2    | Reached skill level 22 in Stealth
 18009 | Orc:2    | Found a flickering gateway to a bazaar.
 18020 | Bazaar   | Entered a bazaar
 18048 | Bazaar   | Found Boejit's Antique Weapon Emporium.
 18048 | Bazaar   | Found Kaqiful's Jewellery Shoppe.
 18070 | Bazaar   | Found Olosacralel's Book Emporium.
 18070 | Bazaar   | Found Fieh's Antique Armour Shoppe.
 18092 | Bazaar   | Found Haxetira's Antique Armour Emporium.
 18092 | Bazaar   | Found Fughifat's General Store.
 18139 | Bazaar   | Bought a pair of shimmering gloves for 237 gold pieces
 18139 | Bazaar   | Identified the +0 pair of gloves of Uskayaw's Envy {Harm
                  | rElec rF- Str-4} (You bought it in a shop in a bazaar)
 18146 | Bazaar   | Bought a scroll of blinking for 127 gold pieces
 18146 | Bazaar   | Bought a scroll of enchant armour for 127 gold pieces
 18172 | Bazaar   | Bought a storm talisman for 720 gold pieces
 18598 | Orc:2    | Noticed an orc warlord
 18705 | Orc:2    | Noticed a stone giant
 18797 | Orc:2    | Reached skill level 23 in Stealth
 18864 | Orc:2    | Killed a stone giant
 19125 | Orc:2    | Killed an orc warlord
 19249 | Orc:2    | Reached skill level 24 in Stealth
 19287 | Orc:2    | Found Lergh's Antique Armour Shop.
 19305 | Orc:2    | Found Jiboseb's Assorted Antiques.
 19307 | Orc:2    | Found Daqiugu's Jewellery Shoppe.
 19316 | Orc:2    | Bought a scroll of teleportation for 90 gold pieces
 19326 | Orc:2    | Found Jainouf's Weapon Shoppe.
 19476 | Orc:2    | Bought a dazzling leather armour for 259 gold pieces
 19476 | Orc:2    | Identified the +1 leather armour "Iptov" {rN+ MP+9 Str-4
                  | Dex+2} (You bought it in a shop on level 2 of the Orcish
                  | Mines)
 19754 | D:13     | Found Oweshri's Book Shoppe.
 20347 | D:13     | Reached XP level 15. HP: 111/113 MP: 15/24
 20462 | D:14     | Reached skill level 25 in Stealth
 20669 | D:14     | Found Ywuer's General Store.
 20676 | D:14     | Bought 2 potions of curing for 60 gold pieces
 20813 | D:14     | Reached skill level 1 in Shapeshifting
 20907 | D:14     | Reached skill level 2 in Shapeshifting
 20949 | D:14     | Reached skill level 3 in Shapeshifting
 21061 | D:14     | Reached skill level 26 in Stealth
 21136 | D:14     | Reached skill level 4 in Shapeshifting
 21470 | D:14     | Identified the +0 pair of gloves of Creativity {+Inv rPois
                  | Str+2 Dex-4}
 21580 | D:14     | Found a gate to the Vaults.
 21675 | D:15     | Entered Level 15 of the Dungeon
 21682 | D:15     | Reached skill level 5 in Shapeshifting
 21695 | D:15     | Found a staircase to the Depths.
 21710 | D:15     | Noticed Kirke
 21717 | D:15     | Found a blossoming altar of Fedhas.
 21720 | D:15     | Killed Kirke
 21943 | D:15     | Found Pigiagh's Weapon Shoppe.
 22017 | D:15     | Reached skill level 6 in Shapeshifting
 22483 | Shoals:1 | Entered Level 1 of the Shoals
 22872 | Snake:1  | Entered Level 1 of the Snake Pit
 22887 | Snake:1  | Reached skill level 27 in Stealth
 22972 | Snake:1  | Reached skill level 7 in Shapeshifting
 23159 | Snake:1  | Reached skill level 8 in Shapeshifting
 23313 | Snake:1  | Reached XP level 16. HP: 95/122 MP: 25/25
 23353 | Snake:1  | Reached skill level 9 in Shapeshifting
 23826 | Snake:2  | Identified the +8 scale mail of Contumacious Miracles
                  | {Dex+2}
 23924 | Snake:1  | Reached skill level 10 in Shapeshifting
 24333 | Snake:2  | HP: 5/122 [naga/+0 halberd (16)]
 24334 | Snake:2  | Slain by a naga

Vanquished Creatures
  Rupert (Lair:5)
  Kirke (D:15)
  An orc warlord (Orc:2)
  A stone giant (Orc:2)
  Snorg (D:10)
  An ettin (D:15)
  A fire dragon (D:14)
  Erolcha (Orc:2)
  5 hydras
  3 boulder beetles
  4 anacondas
  3 catoblepae
  6 centaur warriors
  6 two-headed ogres
  Erica (D:8)
  A death yak (Lair:4)
  A naga warrior (Snake:1)
  An orc high priest (Orc:2)
  5 tengu warriors
  3 shock serpents (Snake:1)
  Sonja (D:11)
  6 naga sharpshooters (Snake:1)
  A salamander mystic (Snake:2)
  A hell knight (D:15)
  Amaemon (Lair:2)
  A skeletal warrior (D:14)
  A fire crab (Lair:4)
  2 arcanists (D:14)
  4 mana vipers (Snake:1)
  5 sea snakes
  A naga ritualist (Snake:1)
  A harpy (Lair:2)
  9 orc knights
  4 deep elf pyromancers
  Pikel (D:8)
  3 necromancers
  9 cyclopes
  8 manticores
  2 orc sorcerers
  3 ugly things
  4 salamanders
  3 kobold blastminers (Orc:1)
  4 meliai (D:14)
  11 black mambas
  9 elephants
  2 molten gargoyles (Lair:3)
  Maggie (D:6)
  A torpor snail (Lair:4)
  Joseph (Lair:1)
  10 cane toads
  An orange demon (Lair:2)
  2 kobold demonologists
  An unseen horror (D:10)
  5 naga magi
  A yaktaur (D:14)
  5 rime drakes
  13 komodo dragons
  2 tengu conjurers (D:14)
  11 trolls
  5 hornets
  Psyche (D:8)
  6 polar bears
  A raiju (shapeshifter) (D:14)
  6 saltlings (Orc:2)
  A wind drake (Shoals:1)
  Prince Ribbit (Lair:2)
  15 blink frogs
  A snapping turtle (Lair:2)
  8 slime creatures
  2 dream sheep (Lair:5)
  12 spriggans (Lair:5)
  42 yaks
  5 wyverns
  3 shadows (D:11)
  2 vampires
  A water elemental (Lair:2)
  A wraith (D:14)
  6 basilisks
  2 steam dragons
  2 vampire mosquitoes (D:14)
  2 hogs (D:15)
  3 wargs
  Grum (Lair:1)
  Menkaure (D:6)
  2 acid dragons
  18 nagas
  9 water moccasins
  3 ice beasts
  17 orc warriors
  A sky beast (D:4)
  5 black bears
  2 laughing skulls (D:13)
  3 ogres
  33 wolves
  9 boggarts
  6 centaurs
  4 lemures (D:8)
  A phantom (D:6)
  A kobold brigand (D:10)
  17 bullfrogs
  A gnoll sergeant (D:9)
  6 scorpions
  8 wights
  3 killer bees (D:10)
  4 electric eels
  2 howler monkeys
  4 lava snakes (Lair:3)
  2 bombardier beetles
  10 orc priests
  4 hounds
  7 jellies
  A sleepcap (D:4)
  Ijyb (D:3)
  Terence (D:2)
  6 iguanas
  22 orc wizards
  Robin (D:3)
  12 gnolls
  5 adders
  2 shadow imps (D:6)
  2 white imps (D:7)
  5 ufetubi
  A dart slug (D:4)
  A ribbon worm (D:3)
  57 orcs
  8 bats
  7 endoplasms
  2 giant cockroaches (D:4)
  8 goblins
  9 hobgoblins
  6 jackals
  6 quokkas
  10 ball pythons
  6 frilled lizards
  14 kobolds
  5 rats
708 creatures vanquished.

Vanquished Creatures (others)
  A human (D:15)
  A lava snake (Lair:3)
  A jackal (D:1)
  2 spectral weapons
5 creatures vanquished.

Grand Total: 713 creatures vanquished

Table legend: (Time is in decaauts)
 A = Elapsed time spent in this place.
 B = Non-inter-level travel time spent in this place.
 C = Inter-level travel time spent in this place.
 D = Time resting spent in this place.
 E = Time spent auto-exploring this place.
 F = Levels seen in this place.
 G = Mean time per level.
                   A        B        C        D        E       F      G
               +--------+--------+--------+--------+--------+-----+--------+
         Total |  23951 |  21856 |   2095 |   1684 |  14937 |  27 |  887.1 |
       Dungeon |  14532 |  13502 |   1030 |    678 |  10152 |  15 |  968.8 |
        Temple |    162 |      1 |    161 |      0 |      0 |   1 |  162.0 |
          Lair |   5776 |   5212 |    564 |    506 |   3290 |   5 | 1155.2 |
        Shoals |     36 |     36 |      0 |      0 |      5 |   1 |   36.0 |
     Snake Pit |   1436 |   1345 |     91 |    383 |    524 |   2 |  718.0 |
  Orcish Mines |   1813 |   1566 |    247 |    117 |    865 |   2 |  906.5 |
        Bazaar |    192 |    192 |      0 |      0 |    100 |   1 |  192.0 |
               +--------+--------+--------+--------+--------+-----+--------+

Top non-repeatable levels by time:
  Lair:2: 1398 daAuts
     D:5: 1371 daAuts
  Lair:4: 1362 daAuts
  Lair:5: 1348 daAuts
     D:3: 1311 daAuts
    D:14: 1311 daAuts
   Orc:2: 1291 daAuts
     D:4: 1126 daAuts
    D:12: 1086 daAuts
     D:9: 1058 daAuts
 Snake:1: 1010 daAuts
     D:1: 1005 daAuts
  Lair:3: 991 daAuts
     D:6: 893 daAuts
    D:11: 858 daAuts

Table legend:
 A = Non-vault XP
 B = Vault XP
 C = Vault XP percentage of total XP
 D = Non-vault monster count
 E = Vault monster count
 F = Vault count percentage of total count
                 A         B        C        D         E       F
            +---------+---------+-------+---------+---------+-------
      Total |  107410 |   61003 |  36.2 |     509 |     195 |  27.7
            +---------+---------+-------+---------+---------+-------
        D:1 |      43 |       1 |   2.3 |      22 |       1 |   4.3
        D:2 |      58 |      36 |  38.3 |      13 |       1 |   7.1
        D:3 |     146 |      61 |  29.5 |      26 |       7 |  21.2
        D:4 |     439 |       8 |   1.8 |      20 |       4 |  16.7
        D:5 |    1430 |       0 |   0.0 |      27 |       0 |   0.0
        D:6 |    1142 |     751 |  39.7 |      18 |       8 |  30.8
        D:7 |     740 |     446 |  37.6 |      25 |       4 |  13.8
        D:8 |     590 |    1748 |  74.8 |      16 |       3 |  15.8
        D:9 |    2243 |       0 |   0.0 |      17 |       0 |   0.0
       D:10 |    4200 |     931 |  18.1 |      24 |       1 |   4.0
       D:11 |    6353 |    1693 |  21.0 |      24 |       7 |  22.6
       D:12 |    3002 |       0 |   0.0 |      11 |       0 |   0.0
       D:13 |    7369 |     836 |  10.2 |      16 |       1 |   5.9
       D:14 |    9059 |   15774 |  63.5 |      18 |      27 |  60.0
       D:15 |    4685 |    5757 |  55.1 |       9 |       8 |  47.1
     Lair:1 |    4715 |     828 |  14.9 |      20 |       4 |  16.7
     Lair:2 |    6667 |    4715 |  41.4 |      28 |      18 |  39.1
     Lair:3 |    4834 |    1508 |  23.8 |      21 |       9 |  30.0
     Lair:4 |    9868 |     293 |   2.9 |      32 |       9 |  22.0
     Lair:5 |    7150 |    9713 |  57.6 |      21 |      44 |  67.7
   Shoals:1 |     996 |       0 |   0.0 |       2 |       0 |   0.0
    Snake:1 |   22517 |       0 |   0.0 |      44 |       0 |   0.0
    Snake:2 |    3672 |    2105 |  36.4 |      10 |       3 |  23.1
      Orc:1 |    3284 |     610 |  15.7 |      27 |       2 |   6.9
      Orc:2 |    2208 |   13189 |  85.7 |      18 |      34 |  65.4
            +---------+---------+-------+---------+---------+-------
